 Dungeon Sprint DCSS version 0.30.1 (webtiles) character file.

Game seed: 42378574422250524

4500000 BreadTh the Ogre Mage (level 22, -29/275 HPs)
             Began as an Ogre Hedge Wizard on July 11, 2023.
             Was the Champion of Makhleb.
             Annihilated by a sculptor of flesh
             ... wielding a +9 great sword
              (254 damage)
             ... in the Dungeon (Sprint VIII: "Arena of Blood").
             The game lasted 00:05:54 (45 turns).

BreadTh the Ogre Mage (Ogre Hedge Wizard)             Turns: 45, Time: 00:05:55

Health: -29/275    AC:  5    Str: 20    XL:     22   Next: 91%
Magic:  14/53      EV: 25    Int: 15    God:    Makhleb [******]
Gold:   0          SH:  0    Dex: 16    Spells: 74/75 levels left

rFire   . . .        j - +∞ Axe of Woe
rCold   . . .        (shield currently unavailable)
rNeg    . . .        b - +0 robe
rPois   .            c - +0 hat
rElec   .            (no cloak)
rCorr   .            (gloves unavailable)
SInv    .            (boots unavailable)
Will    ++...        (no amulet)
Stlth   ++++++++++   a - +30 ring of slaying
HPRegen 0.65/turn    k - +30 ring of slaying
MPRegen 0.33/turn

%: no teleportation
@: no status effects
A: large, unfitting armour, tough skin 1
a: Renounce Religion, Minor Destruction, Lesser Servant of Makhleb, Major
Destruction, Greater Servant of Makhleb


You were in the Dungeon.
You worshipped Makhleb.
Makhleb was exalted by your worship.
You visited 1 branch

Inventory:

Hand Weapons
 j - the +∞ Axe of Woe (weapon)
   (You found it in the Dungeon)
Armour
 b - a +0 robe (worn)
 c - a +0 hat (worn)
Jewellery
 a - a +30 ring of slaying (left hand)
 k - a +30 ring of slaying (right hand)
Scrolls
 i - a scroll of blinking
Potions
 d - 3 potions of magic
 e - a potion of curing
 f - a potion of heal wounds
 g - a potion of haste
 h - a potion of berserk rage


   Skills:
 O Level 27 Fighting
 O Level 27 Axes
 * Level 23.1 Armour
 O Level 27 Dodging
 O Level 27 Stealth
 * Level 24.8 Unarmed Combat
 O Level 27 Spellcasting
 + Level 25.1 Conjurations
 + Level 25.2 Summonings
 + Level 24.5 Translocations
 O Level 27 Invocations


You had 74 spell levels left.
You knew the following spells:

 Your Spells              Type           Power      Damage    Failure   Level
a - Magic Dart            Conj           100%       1d8       0%          1

Your spell library contained the following spells:

 Spells                   Type           Power      Damage    Failure   Level
 Blink                    Tloc           100%       N/A       0%          2
 Call Imp                 Summ           100%       N/A       0%          2
 Slow                     Hex            80%        N/A       1%          1
 Mephitic Cloud           Conj/Pois/Air  45%        N/A       1%          3
 Cigotuvi's Dreadful Rot  Necr/Pois/Air  40%        N/A       2%          2


Dungeon Overview and Level Annotations

Branches:
Dungeon (1/1)

Altars:
Makhleb


Innate Abilities, Weirdness & Mutations

You are too large for most types of armour.
You have tough skin. (AC +1)


Message History

You hear a shout! x5
Your Armour skill gained 3 levels and is now at level 21!
Your Unarmed Combat skill gained 4 levels and is now at level 23!
Your Conjurations skill gained 2 levels and is now at level 24!
Your Summonings skill gained 2 levels and is now at level 24!
Your Translocations skill increases to level 23!
Unknown command.
You dice the large bag of meat like an onion!!!!
Flame seeps out of the large bag of meat.
You butcher the large bag of meat messily.
Makhleb accepts your kill.
You slice the bag of meat!!
You dissect the bag of meat like a pig carcass.
You kill the bag of meat!
Makhleb accepts your kill.
The large bag of meat explodes!
The fiery explosion engulfs the sculptor of flesh!
The fiery explosion engulfs the sculptor of flesh!!
The fiery explosion engulfs you!!
The fiery explosion engulfs the bag of meat!!
You are engulfed in blazing flames.
The bag of meat is engulfed in blazing flames.
You hear a shout! x2
Your Armour skill gained 2 levels and is now at level 23!
Your Unarmed Combat skill increases to level 24!
Your Conjurations skill increases to level 25!
Your Summonings skill increases to level 25!
Your Translocations skill increases to level 24!
A meat berserker comes into view. It is wielding a +9 battleaxe.
A meat berserker comes into view. It is wielding a +9 battleaxe.
You hear a shout! x3
The destroyer gestures at you while chanting.
The destroyer blinks!
You hear a shout! x2
The bag of meat is engulfed in blazing flames. x2
You hear a shout!
The sculptor of flesh is engulfed in blazing flames.
The sculptor of flesh hits you with a +9 great sword!!!!!
Ouch! That really hurt!
You die...

### .. ## .. ..
... ..# .##
####... .... ..
.......
....##V##....o..
.O....o..oo.....
......#@#o.o....
.....oOzooooo.##
.....§oz§o......
......§)§○.z....
......)§)§.V....
......)§○☼.o.o..
.#......)#......
#.....))#......
.###......)###...O


You could see 2 destroyers, 3 sculptors of flesh, a large bag of meat (inner
flame), a meat berserker (berserk) and 14 bags of meat.

Vanquished Creatures
  2 vampire knights (D)
  15 ogres (D)
  2 two-headed ogres (D)
  32 orcs (D)
  A skeletal warrior (D)
52 creatures vanquished.

Notes
Turn   | Place    | Note
-------+----------+-------------------------------------------
     0 | D        | Found the +∞ Axe of Woe
     0 | D        | BreadTh the Ogre Hedge Wizard began the quest for the Orb.
     0 | D        | Reached XP level 1. HP: 16/16 MP: 5/5
     0 | D        | Noticed a meat berserker
     2 | D        | Noticed a bag of meat
     2 | D        | Noticed a bag of meat
     2 | D        | Noticed a bag of meat
     4 | D        | Noticed a bag of meat
     4 | D        | Noticed a bag of meat
     5 | D        | Became a worshipper of Makhleb the Destroyer
     5 | D        | Noticed a bag of meat
     6 | D        | Killed a meat berserker
     6 | D        | Noticed a bag of meat
     7 | D        | Reached skill level 5 in Axes
     7 | D        | Reached skill level 10 in Dodging
     7 | D        | Reached XP level 2. HP: 32/32 MP: 5/29
     7 | D        | Reached XP level 3. HP: 39/39 MP: 5/30
     7 | D        | Reached XP level 4. HP: 48/48 MP: 5/32
     7 | D        | Reached XP level 5. HP: 54/54 MP: 5/33
     7 | D        | Reached XP level 6. HP: 62/62 MP: 5/35
     7 | D        | Reached XP level 7. HP: 68/68 MP: 5/36
     7 | D        | Reached XP level 8. HP: 78/78 MP: 5/38
     7 | D        | Reached XP level 9. HP: 84/84 MP: 5/39
     7 | D        | Reached XP level 10. HP: 92/92 MP: 5/40
     7 | D        | Reached XP level 11. HP: 98/98 MP: 5/41
     7 | D        | Reached XP level 12. HP: 107/107 MP: 5/42
     8 | D        | Killed a bag of meat
     8 | D        | Reached * piety under Makhleb
     8 | D        | Killed a bag of meat
     9 | D        | Reached skill level 5 in Fighting
     9 | D        | Reached skill level 10 in Stealth
     9 | D        | Reached skill level 27 in Spellcasting
     9 | D        | Reached XP level 13. HP: 118/118 MP: 4/44
     9 | D        | Noticed a bag of meat
     9 | D        | Killed a bag of meat
     9 | D        | Killed a bag of meat
     9 | D        | Reached ** piety under Makhleb
    10 | D        | Reached skill level 15 in Dodging
    10 | D        | Reached XP level 14. HP: 131/131 MP: 5/45
    10 | D        | Killed a bag of meat
    10 | D        | Killed a bag of meat
    10 | D        | Noticed a meat berserker
    11 | D        | Killed a bag of meat
    11 | D        | Reached *** piety under Makhleb
    12 | D        | Reached XP level 15. HP: 146/146 MP: 5/46
    14 | D        | Reached skill level 10 in Fighting
    14 | D        | Noticed a meat berserker
    16 | D        | Noticed a meat berserker
    17 | D        | Killed a meat berserker
    18 | D        | Reached skill level 5 in Conjurations
    19 | D        | Killed a meat berserker
    19 | D        | Reached **** piety under Makhleb
    20 | D        | Reached skill level 27 in Axes
    20 | D        | Reached skill level 15 in Stealth
    20 | D        | Reached skill level 5 in Summonings
    20 | D        | Reached XP level 16. HP: 169/169 MP: 7/47
    21 | D        | Killed a meat berserker
    22 | D        | Noticed a meat berserker
    26 | D        | Noticed a meat berserker
    27 | D        | Killed a meat berserker
    27 | D        | Reached ***** piety under Makhleb
    28 | D        | Reached skill level 5 in Translocations
    28 | D        | Reached XP level 17. HP: 222/222 MP: 9/48
    28 | D        | Noticed a large bag of meat
    28 | D        | Noticed a meat berserker
    29 | D        | Noticed a meat berserker
    29 | D        | Noticed a meat berserker
    30 | D        | Noticed a sculptor of flesh
    30 | D        | Killed a meat berserker
    31 | D        | Reached skill level 27 in Fighting
    31 | D        | Noticed a meat berserker
    32 | D        | Noticed a meat berserker
    32 | D        | Killed a meat berserker
    32 | D        | Noticed a meat berserker
    33 | D        | Reached XP level 18. HP: 236/236 MP: 11/49
    33 | D        | Killed a sculptor of flesh
    33 | D        | Reached ****** piety under Makhleb
    33 | D        | Noticed a destroyer
    33 | D        | Noticed a large bag of meat
    34 | D        | Reached skill level 27 in Dodging
    34 | D        | Noticed a meat berserker
    34 | D        | Noticed a large bag of meat
    35 | D        | Killed a meat berserker
    35 | D        | Noticed a destroyer
    35 | D        | Noticed a meat berserker
    36 | D        | Reached skill level 27 in Stealth
    36 | D        | Reached XP level 19. HP: 245/245 MP: 11/50
    36 | D        | Killed a large bag of meat
    37 | D        | Reached skill level 5 in Armour
    37 | D        | Reached skill level 10 in Invocations
    37 | D        | Noticed a sculptor of flesh
    37 | D        | Noticed a meat berserker
    38 | D        | Killed a meat berserker
    38 | D        | Killed a meat berserker
    38 | D        | Killed a meat berserker
    39 | D        | Reached XP level 20. HP: 232/256 MP: 12/51
    39 | D        | Noticed a destroyer
    40 | D        | Killed a destroyer
    40 | D        | Killed a meat berserker
    41 | D        | Reached skill level 15 in Armour
    41 | D        | Reached XP level 21. HP: 265/265 MP: 13/52
    41 | D        | Killed a meat berserker
    42 | D        | Reached skill level 27 in Invocations
    42 | D        | Reached XP level 22. HP: 275/275 MP: 13/53
    42 | D        | Noticed a destroyer
    42 | D        | Noticed a destroyer
    43 | D        | Noticed a tyrant
    43 | D        | Killed a destroyer
    44 | D        | Killed a large bag of meat
    45 | D        | Annihilated by a sculptor of flesh

Illustrated notes

Levels and vault maps discovered:
D:        meatsprint

Skill      XL: |  1  2  3  4  5  6  7  8  9 10 11 12 13 14 15 16 17 18 19 20 21 22 |
---------------+-------------------------------------------------------------------+-----
Fighting       | 3 5 6 9 13 26 27 | 27.0
Axes           | 5 13 17 21 27 | 27.0
Dodging        | 10 13 15 17 19 21 25 27 | 27.0
Stealth        | 7 10 12 13 15 17 22 27 | 27.0
Spellcasting   | 26 27 | 27.0
Conjurations   | 2 3 4 5 7 9 13 17 20 22 25 | 25.1
Summonings     | 2 3 5 6 8 13 18 20 22 25 | 25.2
Translocations | 2 3 5 7 11 16 19 22 24 | 24.5
Armour         | 11 15 18 23 | 23.1
Unarmed Combat | 12 16 19 24 | 24.8
Invocations    | 20 26 27 | 27.0

Action                     |  1- 3 |  4- 6 |  7- 9 | 10-12 | 13-15 | 16-18 | 19-21 | 22-24 || total
---------------------------+-------+-------+-------+-------+-------+-------+-------+-------++-------
  Melee: Executioner's axe |     1 |       |       |     1 |     6 |     7 |     4 |     2 ||    21
   Cast: Magic Dart        |       |       |       |     1 |       |       |       |       ||     1
  Dodge: Dodged            |       |       |       |       |       |     2 |     1 |       ||     3
